3L
KINGSTON TOWNSHIP LEGION @ GREENVILLE 84S
05/01/2031
 
TOP OF THE 1ST
Kingston Township Legion batting - Pitching for Greenville 84s : RHP Quentin Bowers
Pitching: RHP Quentin Bowers
Batting: LHB Mike Gardner 0-0: Called Strike
0-1: Ball
1-1: Foul Ball, location: 2F
1-2: Foul Ball, location: 2F
1-2: Fly out, F4 (Line Drive, 4M)
Batting: RHB Clarence Neal 0-0: Ball
1-0: Ball
2-0: Fly out, F7 (Line Drive, 78M)
Batting: RHB Ron Bernard 0-0: SINGLE (Line Drive, 8RS)
Batting: RHB EP Weston 0-0: Ball
Ron Bernard is caught stealing 2nd base
Top of the 1st over - 0 runs, 1 hit, 0 errors, 0 left on base; Kingston Township 0 - Greenville 0
BOTTOM OF THE 1ST
Greenville 84s batting - Pitching for Kingston Township Legion : RHP Manny Castro
Pitching: RHP Manny Castro
Batting: RHB Pablo Marrero 0-0: Foul Ball, location: 2F
0-1: Foul Ball, location: 2F
0-2: Strikes out swinging
Batting: SHB Jorge Barrios 0-0: Ball
1-0: Foul Ball, location: 2F
1-1: Fly out, F9 (Flyball, 9)
Batting: RHB Thom Beach 0-0: Ball
1-0: Called Strike
1-1: Swinging Strike
1-2: Foul Ball, location: 2F
1-2: Ground out 6-3 (Groundball, 6)
Bottom of the 1st over - 0 runs, 0 hits, 0 errors, 0 left on base; Kingston Township 0 - Greenville 0
TOP OF THE 2ND
Kingston Township Legion batting - Pitching for Greenville 84s : RHP Quentin Bowers
Batting: RHB EP Weston 0-0: Ground out 6-3 (Groundball, 6D)
Batting: LHB Charles Mathes 0-0: Called Strike
0-1: Called Strike
0-2: Strikes out swinging
Batting: RHB Alfredo Cardenas 0-0: Swinging Strike
0-1: Fly out, F7 (Flyball, 7)
Top of the 2nd over - 0 runs, 0 hits, 0 errors, 0 left on base; Kingston Township 0 - Greenville 0
BOTTOM OF THE 2ND
Greenville 84s batting - Pitching for Kingston Township Legion : RHP Manny Castro
Batting: SHB Carlos Rodríguez 0-0: Called Strike
0-1: Ball
1-1: Called Strike
1-2: Ball
2-2: Fly out, F9 (Flyball, 9LSF)
Batting: LHB Mario Cruz 0-0: Called Strike
0-1: Ball
1-1: Ball
2-1: Foul Ball, location: 2F
2-2: Fly out, F9 (Flyball, 9LSF)
Batting: RHB Rodrigo Lugo 0-0: Ground out 5-3 (Groundball, 56)
Bottom of the 2nd over - 0 runs, 0 hits, 0 errors, 0 left on base; Kingston Township 0 - Greenville 0
TOP OF THE 3RD
Kingston Township Legion batting - Pitching for Greenville 84s : RHP Quentin Bowers
Batting: LHB António González 0-0: Ball
1-0: Swinging Strike
1-1: Swinging Strike
1-2: Ground out U3 (Groundball, 3L)
Batting: RHB Jim Scott 0-0: Ball
1-0: Fly out, F8 (Flyball, 8RD)
Batting: RHB Júlio Rodríguez 0-0: Called Strike
0-1: Foul Ball, location: 2F
0-2: Foul Ball, location: 2F
0-2: Strikes out swinging
Top of the 3rd over - 0 runs, 0 hits, 0 errors, 0 left on base; Kingston Township 0 - Greenville 0
BOTTOM OF THE 3RD
Greenville 84s batting - Pitching for Kingston Township Legion : RHP Manny Castro
Batting: SHB Wilbert Carter 0-0: Ball
1-0: Called Strike
1-1: Ball
2-1: SINGLE (Flyball, 9S)
Batting: SHB Kai-xi Choe 0-0: Called Strike
0-1: Fly out, F3 (Popup, 3SF)
Batting: LHB Albert González 0-0: Called Strike
Wilbert Carter steals 2nd base
0-1: Ball
1-1: Ball
2-1: Foul Ball, location: 2F
2-2: Strikes out swinging
Batting: RHB Pablo Marrero 0-0: Called Strike
0-1: Called Strike
0-2: Ball
1-2: SINGLE (Flyball, 9LM)
Wilbert Carter to third
Runner from 3rd tries for Home, SAFE, no throw
Batting: SHB Jorge Barrios 0-0: Called Strike
0-1: SINGLE (Groundball, 34D)
Pablo Marrero to second
Runner from 2nd tries for 3rd, SAFE, throw made to third
Now in RF: Ruben Yim
Batting: RHB Thom Beach 0-0: Ball
1-0: Swinging Strike
1-1: Ball
2-1: Called Strike
2-2: Strikes out looking
Bottom of the 3rd over - 1 run, 3 hits, 0 errors, 2 left on base; Kingston Township 0 - Greenville 1
TOP OF THE 4TH
Kingston Township Legion batting - Pitching for Greenville 84s : RHP Quentin Bowers
Batting: LHB Ruben Yim 0-0: Ball
1-0: Ball
2-0: Fly out, F9 (Flyball, 9LS)
Batting: RHB Clarence Neal 0-0: Ball
1-0: Ball
2-0: Called Strike
2-1: Ball
3-1: Foul Ball, location: 2F
3-2: Foul Ball, location: 2F
3-2: Ground out 3-1 (Groundball, 34)
Batting: RHB Ron Bernard 0-0: Ball
1-0: Foul Ball, location: 2F
1-1: SOLO HOME RUN (Line Drive, 7LD), Distance : 374 ft
Batting: RHB EP Weston 0-0: Foul Ball, location: 2F
0-1: Swinging Strike
0-2: Strikes out swinging
Top of the 4th over - 1 run, 1 hit, 0 errors, 0 left on base; Kingston Township 1 - Greenville 1
BOTTOM OF THE 4TH
Greenville 84s batting - Pitching for Kingston Township Legion : RHP Manny Castro
Batting: SHB Carlos Rodríguez 0-0: Ball
1-0: Called Strike
1-1: Foul Ball, location: 2F
1-2: Ball
2-2: Strikes out swinging
Batting: LHB Mario Cruz 0-0: Ball
1-0: Ground out 3-1 (Groundball, 3D)
Batting: RHB Rodrigo Lugo 0-0: Hit by Pitch
Batting: SHB Wilbert Carter 0-0: Ball
1-0: Ball
2-0: Ball
3-0: Called Strike
3-1: Ground out U3 (Groundball, 3)
Bottom of the 4th over - 0 runs, 0 hits, 0 errors, 1 left on base; Kingston Township 1 - Greenville 1
TOP OF THE 5TH
Kingston Township Legion batting - Pitching for Greenville 84s : RHP Quentin Bowers
Batting: LHB Charles Mathes 0-0: Foul Ball, location: 2F
0-1: Swinging Strike
0-2: Ground out 6-3 (Groundball, 6MS)
Batting: RHB Alfredo Cardenas 0-0: Ground out 5-3 (Groundball, 5L)
Batting: LHB António González 0-0: Ball
1-0: Foul Ball, location: 2F
1-1: Fly out, F3 (Line Drive, 34)
Top of the 5th over - 0 runs, 0 hits, 0 errors, 0 left on base; Kingston Township 1 - Greenville 1
BOTTOM OF THE 5TH
Greenville 84s batting - Pitching for Kingston Township Legion : RHP Manny Castro
Batting: SHB Kai-xi Choe 0-0: Foul Ball, location: 2F
0-1: Foul Ball, location: 2F
0-2: Foul Ball, location: 2F
0-2: Foul Ball, location: 2F
0-2: Ball
1-2: Foul Ball, location: 2F
1-2: Ball
2-2: Ground out 5-3 (Groundball, 56S)
Batting: LHB Albert González 0-0: Called Strike
0-1: Ball
1-1: SINGLE (Groundball, 6MS) (infield hit)
Batting: RHB Pablo Marrero 0-0: Ground out 3-1 (Groundball, 34S)
Albert González to second
Batting: SHB Jorge Barrios 0-0: Intentional Walk
Batting: RHB Thom Beach 0-0: 3-RUN HOME RUN (Line Drive, 7LD), Distance : 354 ft
Batting: SHB Carlos Rodríguez 0-0: Ground out U3 (Groundball, 3)
Bottom of the 5th over - 3 runs, 2 hits, 0 errors, 0 left on base; Kingston Township 1 - Greenville 4
TOP OF THE 6TH
Kingston Township Legion batting - Pitching for Greenville 84s : RHP Quentin Bowers
Batting: RHB Jim Scott 0-0: Ball
1-0: SINGLE (Line Drive, 9S)
Batting: RHB Júlio Rodríguez 0-0: Ball
1-0: Bunted foul
1-1: Ball
2-1: Bunted foul
2-2: Fly out, F9 (Flyball, 9S)
Batting: LHB Ruben Yim 0-0: Swinging Strike
0-1: Ground out 5-3 (Groundball, 56S)
Jim Scott to second
Batting: RHB Clarence Neal 0-0: Swinging Strike
0-1: Ball
1-1: Ball
Passed Ball!
Jim Scott to third
2-1: Foul Ball, location: 2F
2-2: SINGLE (Groundball, 34D)
Jim Scott scores
Batting: RHB Ron Bernard 0-0: Swinging Strike
0-1: Swinging Strike
0-2: Strikes out looking
Top of the 6th over - 1 run, 2 hits, 0 errors, 1 left on base; Kingston Township 2 - Greenville 4
BOTTOM OF THE 6TH
Greenville 84s batting - Pitching for Kingston Township Legion : RHP Manny Castro
Batting: LHB Mario Cruz 0-0: Ball
1-0: Ground out 4-3 (Groundball, 4)
Batting: RHB Rodrigo Lugo 0-0: Fly out, F4 (Line Drive, 4M)
Batting: SHB Wilbert Carter 0-0: Foul Ball, location: 2F
0-1: Foul Ball, location: 2F
0-2: Ground out 4-3 (Groundball, 4D)
Bottom of the 6th over - 0 runs, 0 hits, 0 errors, 0 left on base; Kingston Township 2 - Greenville 4
TOP OF THE 7TH
Kingston Township Legion batting - Pitching for Greenville 84s : RHP Quentin Bowers
Batting: RHB EP Weston 0-0: Called Strike
0-1: Ball
1-1: Ball
2-1: Foul Ball, location: 2F
2-2: Fly out, F8 (Flyball, 8RM)
Batting: LHB Charles Mathes 0-0: Foul Ball, location: 2F
0-1: Ball
1-1: Foul Ball, location: 2F
1-2: Foul Ball, location: 2F
1-2: Ball
2-2: Fly out, F5 (Popup, 56S)
Batting: RHB Alfredo Cardenas 0-0: Ball
1-0: Ground out 5-3 (Groundball, 56)
Top of the 7th over - 0 runs, 0 hits, 0 errors, 0 left on base; Kingston Township 2 - Greenville 4
BOTTOM OF THE 7TH
Greenville 84s batting - Pitching for Kingston Township Legion : RHP Manny Castro
Batting: SHB Kai-xi Choe 0-0: Fly out, F8 (Flyball, 8LD)
Batting: LHB Albert González 0-0: Ball
1-0: Ball
2-0: Ball
3-0: Called Strike
3-1: Called Strike
3-2: SINGLE (Line Drive, 9LS)
Batting: RHB Pablo Marrero 0-0: Foul Ball, location: 2F
0-1: Reached on error, E6 (Groundball, 6)
Albert González to second
Batting: SHB Jorge Barrios 0-0: Called Strike
0-1: Ball
1-1: Ball
2-1: Ball
3-1: Grounds into double play, 1-6-3 (Groundball, P)
Bottom of the 7th over - 0 runs, 1 hit, 1 error, 1 left on base; Kingston Township 2 - Greenville 4
TOP OF THE 8TH
Kingston Township Legion batting - Pitching for Greenville 84s : RHP Quentin Bowers
Batting: LHB António González 0-0: Ball
1-0: Foul Ball, location: 2F
1-1: Ball
2-1: Called Strike
2-2: Ball
3-2: SINGLE (Flyball, 89M)
Batting: RHB Jim Scott 0-0: Ball
1-0: Fly out, F9 (Flyball, 9LM)
Batting: RHB Júlio Rodríguez 0-0: Ball
1-0: Swinging Strike
1-1: Ball
Wild Pitch!
António González to second
2-1: Swinging Strike
2-2: Ball
3-2: Foul Ball, location: 2F
3-2: Foul Ball, location: 2F
3-2: Base on Balls
Pitching: LHP José Rico
Batting: LHB Ruben Yim 0-0: Called Strike
0-1: Foul Ball, location: 2F
0-2: Ball
1-2: Strikes out swinging
Pitching: RHP Seung-yeop Kim
Batting: RHB Clarence Neal 0-0: Called Strike
0-1: Called Strike
0-2: Ball
1-2: Ball
2-2: Fly out, F9 (Line Drive, 9S)
Top of the 8th over - 0 runs, 1 hit, 0 errors, 2 left on base; Kingston Township 2 - Greenville 4
BOTTOM OF THE 8TH
Greenville 84s batting - Pitching for Kingston Township Legion : RHP Manny Castro
Batting: RHB Thom Beach 0-0: Foul Ball, location: 2F
0-1: Ground out 5-3 (Groundball, 56S)
Batting: SHB Carlos Rodríguez 0-0: Ball
1-0: Called Strike
1-1: SINGLE (Groundball, 34D)
Batting: LHB Mario Cruz 0-0: Fly out, F9 (Flyball, 89M)
Batting: RHB Rodrigo Lugo 0-0: Ball
1-0: Ground out 4-3 (Groundball, 4S)
Bottom of the 8th over - 0 runs, 1 hit, 0 errors, 1 left on base; Kingston Township 2 - Greenville 4
TOP OF THE 9TH
Kingston Township Legion batting - Pitching for Greenville 84s : RHP Seung-yeop Kim
Batting: RHB Ron Bernard 0-0: Ball
1-0: Swinging Strike
1-1: Swinging Strike
1-2: Ball
2-2: Ball
3-2: Foul Ball, location: 2F
3-2: Foul Ball, location: 2F
3-2: DOUBLE (Popup, 6D)
Batting: RHB EP Weston 0-0: Ball
1-0: Ball
2-0: Foul Ball, location: 2F
2-1: Ball
3-1: Base on Balls
Batting: LHB Charles Mathes 0-0: Called Strike
0-1: Ball
1-1: Foul Ball, location: 2F
1-2: Ball
2-2: Strikes out swinging
Batting: RHB Alfredo Cardenas 0-0: Ball
1-0: Foul Ball, location: 2F
1-1: Ball
2-1: Foul Ball, location: 2F
2-2: Foul Ball, location: 2F
2-2: Fly out, F5 (Popup, 56)
Batting: LHB António González 0-0: Fly out, F9 (Flyball, 9S)
Top of the 9th over - 0 runs, 1 hit, 0 errors, 2 left on base; Kingston Township 2 - Greenville 4
Tuesday, June 12th, 2018 - OOTP Baseball 18.8 Build 76